 Dungeon Crawl Stone Soup version 0.25-a0-258-g6d7e32a812 (webtiles) character file.

Game seed: 3172261774975802041, levelgen mode: deterministic

165 MirrMurr the Cudgeler (level 5, 0/42 HPs)
             Began as a Demonspawn Berserker on Dec 6, 2019.
             Was a Believer of Trog.
             Slain by Natasha (5 damage)
             ... on level 3 of the Dungeon.
             The game lasted 00:05:39 (2870 turns).

MirrMurr the Cudgeler (Demonspawn Berserker)        Turns: 2870, Time: 00:05:41

Health: 0/42       AC:  7    Str: 18    XL:     5   Next: 22%
Magic:  5/5        EV: 10    Int:  9    God:    Trog [**....]
Gold:   133        SH:  0    Dex: 12    Spells: 4/4 levels left

rFire    . . .     SeeInvis .   a - +0 mace
rCold    . . .     Gourm    .   (no shield)
rNeg     . . .     Faith    .   o - +1 scale mail
rPois    +         Spirit   .   (no helmet)
rElec    .         Reflect  .   (no cloak)
rCorr    .         Harm     .   (no gloves)
MR       ++...                  (no boots)
Stlth    ..........             (no amulet)
HPRegen  1.14/turn              k - ring of poison resistance
MPRegen  0.09/turn              (no ring)

@: regenerating
A: powered by death 1, rot immunity
a: Berserk, Trog's Hand, Renounce Religion


You were on level 3 of the Dungeon.
You worshipped Trog.
Trog was pleased with you.
You were hungry.

You visited 1 branch of the dungeon, and saw 3 of its levels.

You collected 133 gold pieces.

Inventory:

Hand Weapons
 a - a +0 mace (weapon)
 b - a +0 hunting sling
Missiles
 d - 97 stones (quivered)
 l - 2 curare-tipped darts
Armour
 o - a +1 scale mail (worn)
Jewellery
 k - a ring of poison resistance (left hand)
Scrolls
 e - a scroll of enchant armour
 g - a scroll of teleportation
 h - a scroll of fog
 i - a scroll of identify
 r - 4 scrolls of remove curse
Potions
 f - a potion of curing {unknown}
 j - a potion of flight {unknown}
 q - a potion of haste
Comestibles
 c - 6 rations


   Skills:
 + Level 3.7 Fighting
 * Level 4.0 Maces & Flails
 + Level 2.6 Armour
 + Level 2.7 Dodging


You had 4 spell levels left.
You didn't know any spells.
Your spell library was empty.

Dungeon Overview and Level Annotations

Branches:
Dungeon (3/15)

Altars:
Qazlal
The Shining One

Annotations:
D:3 Natasha


Innate Abilities, Weirdness & Mutations

You regenerate a little health from kills.
You are immune to rotting.


Message History

Natasha stares at you and mumbles some strange words.
You resist with almost no effort.
The crimson imp hits you but does no damage.
Unknown command.
You closely miss Natasha.
Natasha is almost dead.
Natasha mumbles some strange words.
The crimson imp blinks!
You miss Natasha.
Natasha is almost dead.
Natasha misses you. The crimson imp misses you.
The crimson imp blinks!
Unknown command.
You closely miss Natasha.
Natasha is almost dead.
Natasha claws you.
* * * LOW HITPOINT WARNING * * *
The crimson imp hits you.
* * * LOW HITPOINT WARNING * * *
The crimson imp blinks!
Natasha claws you.
You die...

#####.#....#.##.#####.#.#
#.......##.#.##.# #...#.####
#....<..##.#....# #.#.#...<#
#......###.###### #.###.##.#
#>.....###.# #.#.#..#.#
#..........# #.#.####.#
#.......#### #......#.#
#....>..################.#.#
#######....#..5@h5((.((#.#.#
####.#.#########(#...#####
#[#...#,,),,,,###.....#
#.###.#)******#...##.##
#.....#,,,* #.......#
##'#####**,*** #########
#...# *,,,* *,,,* #...#
***,***,*,* #...# *,,,,,*,*


You could see Natasha and 2 crimson imps.

Vanquished Creatures
  2 orc wizards (D:3)
  Natasha (D:3)
  3 adders (D:2)
  A dart slug (D:1)
  4 leopard geckos
  3 orcs (D:3)
  A giant cockroach (D:1)
  5 goblins
  3 jackals (D:3)
  3 quokkas (D:2)
  6 bats
  3 frilled lizards
  6 kobolds
  12 rats
53 creatures vanquished.

Notes
Turn   | Place    | Note
-------+----------+-------------------------------------------
     0 | D:1      | MirrMurr the Demonspawn Berserker began the quest for the
                  | Orb.
     0 | D:1      | Reached XP level 1. HP: 18/18 MP: 1/1
   420 | D:1      | Gained mutation: You regenerate a little health from kills.
                  | [demonic ancestry]
   420 | D:1      | Reached XP level 2. HP: 24/24 MP: 2/2
   422 | D:1      | Reached skill level 3 in Maces & Flails
   464 | D:1      | Found a glowing golden altar of the Shining One.
  1034 | D:2      | Gained mutation: You are immune to rotting. [demonic
                  | ancestry]
  1034 | D:2      | Reached XP level 3. HP: 10/29 MP: 3/3
  1385 | D:2      | Reached ** piety under Trog
  1506 | D:2      | Found a stormy altar of Qazlal.
  1508 | D:2      | Noticed a water elemental
  1509 | D:2      | Noticed an air elemental
  1509 | D:2      | Noticed a fire elemental
  1509 | D:2      | Noticed an earth elemental
  2038 | D:3      | Reached XP level 4. HP: 23/35 MP: 4/4
  2293 | D:3      | Reached XP level 5. HP: 41/41 MP: 5/5
  2484 | D:3      | Noticed Natasha
  2494 | D:3      | Killed Natasha
  2494 | D:3      | Reached skill level 4 in Maces & Flails
  2853 | D:3      | Noticed Natasha
  2870 | D:3      | Slain by Natasha

Levels and vault maps discovered:
D:1:      tarquinn_simple_flora_water_b, layout_basic, tso_metal_star
D:2:      layout_basic, nicolae_qazlal_style_of_elements, first_ration,
          roderic_roman_lattice, skrybe_limestone_x
D:3:      layout_basic, lemuel_coloured_pillars_altar,
          minmay_misc_feat_more_columns, kennysheep_generic_room_10,
          uniq_crazy_yiuf_cottage, uniq_natasha

Skill      XL: |  1  2  3  4  5 |
---------------+----------------+-----
Maces & Flails | 3 4 |  4.0
Armour         | 2 |  2.6
Dodging        | 2 |  2.7
Fighting       | |  3.7

Action                   |  1- 3 |  4- 6 || total
-------------------------+-------+-------++-------
Melee: Mace              |   100 |    23 ||   123
 Fire: Hunting sling     |    29 |    43 ||    72
Invok: Trog's Hand       |     1 |     1 ||     2
       Berserk           |     1 |       ||     1
  Use: Scroll            |     6 |       ||     6
 Stab: Sleeping          |     1 |       ||     1
  Eat: Chunk             |     3 |     4 ||     7
Armor: Leather armour    |    15 |       ||    15
       Animal skin       |     1 |       ||     1
       Scale mail        |    26 |    23 ||    49
Dodge: Dodged            |    71 |    33 ||   104

Table legend:
 A = Non-vault XP
 B = Vault XP
 C = Vault XP percentage of total XP
 D = Non-vault monster count
 E = Vault monster count
 F = Vault count percentage of total count
                 A         B        C        D         E       F
            +---------+---------+-------+---------+---------+-------
      Total |     199 |      38 |  16.0 |      51 |       2 |   3.8
            +---------+---------+-------+---------+---------+-------
        D:1 |      32 |       0 |   0.0 |      20 |       0 |   0.0
        D:2 |      63 |       0 |   0.0 |      18 |       0 |   0.0
        D:3 |     104 |      38 |  26.8 |      13 |       2 |  13.3
            +---------+---------+-------+---------+---------+-------
